Map: Abyssal Reef LE

Players

Uzjis

  • Race: Zerg Zerg
  • League: Gold
  • Spawn Location: 5:00

coltfourfive - Winner!

  • Race: Terran Terran
  • League: Gold
  • Spawn Location: 11:00

VOD

Have the link to the VOD?

Description

Time

  • Played on: March 6, 2017, 3:07 p.m.
  • Length: 7:28
Show
View Real Time Build Order
Export as new Build Order

Uzjis Zerg 

Build Orders: Pool First 

Get SALT Encoding   

  12  0:01  Drone  
  13  0:13  Overlord  
  13  0:17  Drone  
  14  0:31  Drone x2  
  14  0:35  Drone  
  17  0:50  Spawning Pool  
  16  1:07  Hatchery  
  16  1:10  Drone  
  16  1:12  Drone  
  16  1:17  Extractor  
  16  1:37  Zergling x6  
  19  1:40  Queen  
  21  1:47  Overlord  
  21  2:00  Drone  
  22  2:09  Drone  
  23  2:18  Queen  
  23  2:19  Overlord  
  25  2:26  Metabolic Boost  
  25  2:30  Drone  
  25  2:32  Drone x2  
  27  2:44  Drone  
  27  2:45  Drone  
  29  2:51  Drone  
  29  2:52  Drone x3  
  34  2:58  Drone  
  34  3:03  Drone  
  35  3:09  Overlord  
  33  3:21  Zergling x2  
  33  3:26  Zergling x4  
  36  3:32  Zergling x2  
  38  3:34  Zergling x2  
  38  3:39  Roach Warren  
  37  3:45  Zergling x8  
  37  3:47  Overlord  
  37  3:48  Zergling x4  
  43  3:54  Hatchery  
  41  4:16  Drone x2  
  41  4:17  Drone x3  
  41  4:23  Lair  
  43  4:26  Extractor  
  43  4:29  Evolution Chamber x2  
  43  4:31  Extractor  
  39  4:32  Extractor  
  39  4:34  Queen  
  40  4:39  Drone x3  
  40  4:40  Drone x2  
  43  4:52  Drone  
  39  4:53  Drone  
  40  5:11  Zergling x8  
  40  5:14  Zergling x8  
  46  5:19  Glial Reconstitution  
  48  5:23  Zerg Missile Weapons Level 1  
  48  5:26  Zergling x2  
  48  5:27  Zergling x2  
  50  5:30  Zerg Ground Armor Level 1  
  50  5:40  Zergling x2  
  50  5:41  Zergling x6  
  48  5:46  Zergling x8  
  50  6:20  Queen  
  50  6:21  Drone x3  
  50  6:22  Overlord x3  
  50  6:24  Overlord x3  
  55  6:44  Roach x3  
  55  6:45  Roach x3  
  55  6:46  Roach  
Show
View Real Time Build Order
Export as new Build Order

coltfourfive Terran - Winner!

Build Orders:  

Get SALT Encoding   

  12  0:01  SCV  
  13  0:14  SCV  
  14  0:18  Supply Depot  
  14  0:26  SCV  
  15  0:39  SCV  
  15  0:40  Barracks  
  16  0:51  SCV  
  17  1:03  SCV  
  18  1:15  SCV  
  19  1:19  Command Center  
  19  1:28  Orbital Command  
  19  1:34  Marine  
  20  1:44  Supply Depot  
  20  1:54  Marine  
  20  1:56  SCV  
  21  2:14  Marine  
  22  2:17  SCV  
  22  2:19  Barracks  
  22  2:22  Barracks  
  23  2:29  SCV  
  24  2:31  Orbital Command  
  24  2:32  Marine  
  25  2:41  SCV  
  23  2:52  Marine  
  22  3:02  SCV x2  
  24  3:07  Marine  
  24  3:09  Marine  
  24  3:10  Marine  
  24  3:11  Supply Depot  
  24  3:12  Barracks  
  27  3:24  Marine  
  27  3:25  SCV x2  
  30  3:27  Marine  
  30  3:28  Marine  
  32  3:37  SCV  
  32  3:38  SCV  
  32  3:39  Refinery  
  32  3:40  Refinery  
  34  3:42  Marine  
  34  3:47  Engineering Bay  
  35  3:49  SCV  
  35  3:50  Marine x2, SCV  
  39  4:00  Marine  
  39  4:02  Supply Depot, SCV x2, Marine  
  43  4:07  Marine  
  43  4:08  Marine  
  45  4:14  SCV  
  42  4:19  Marine  
  42  4:20  Marine  
  42  4:23  Bunker  
  41  4:25  Marine x2  
  41  4:29  Terran Infantry Weapons Level 1  
  43  4:34  Supply Depot  
  43  4:35  SCV  
  43  4:37  Marine x2  
  46  4:43  Marine x2  
  43  4:55  Marine x2  
  43  4:57  Supply Depot  
  45  5:01  Marine  
  45  5:05  Barracks Tech Lab  
  45  5:06  Barracks x2  
  46  5:12  Supply Depot  
  46  5:13  Marine x2, SCV  
  46  5:14  SCV  
  50  5:19  Marine  
  51  5:25  Factory  
  51  5:28  Marine  
  52  5:30  Marine  
  52  5:31  Marine  
  52  5:35  Supply Depot  
  54  5:37  Marine  
  54  5:42  Supply Depot  
  53  5:45  Marine  
  53  5:48  Marine  
  53  5:49  Marine  
  52  5:54  Marine  
  53  6:03  Marine  
  50  6:05  Marine  
  50  6:06  Marine x3  
  54  6:12  Armory, Marine  
  54  6:16  Hellion  
  54  6:17  Starport  
  57  6:20  SCV x2  
  57  6:21  Marine  
  57  6:23  Marine x2  
  57  6:24  Marine x2  
  64  6:30  Marine  
  64  6:32  SCV  
  66  6:34  Command Center, SCV  
  66  6:39  Marine  
  68  6:41  Marine x2  
  68  6:42  Marine x2  
  68  6:44  SCV  
  68  6:46  SCV  
  74  6:48  Hellion, Marine  
  77  6:56  SCV  
  77  6:57  Marine  
  77  6:58  SCV  
  77  6:59  Marine x3  
  77  7:01  Refinery  
  83  7:02  Refinery  
  83  7:08  SCV  
Tags
 
League
GoldGold
Matchup
TvZ
Opening
Pool First
Spawn Locations
Cross Positions
Add a new tag
Caveats
  • Supply blocks, unpowered buildings, or Contaminate may cause inaccurate times.
  • Supply counts are checked every 10 seconds.